 Dungeon Crawl Stone Soup version 0.29.0-4-gdea44cf6ec (webtiles) character file.

Game seed: 15928396599264928530

15 qw the Firebug (level 2, 0/23 HPs)
             Began as a Ghoul Fire Elementalist on Aug 29, 2022.
             Slain by a worm (5 damage)
             ... on level 2 of the Dungeon.
             The game lasted 00:01:00 (1310 turns).

qw the Firebug (Ghoul Fire Elementalist)            Turns: 1310, Time: 00:01:01

Health: 0/23       AC:  8    Str: 10 (11) XL:     2   Next: 50%
Magic:  3/3        EV:  8    Int:  9 (10) God:
Gold:   23         SH:  0    Dex:  8 (9)  Spells: 3/4 levels left

rFire   . . .      SeeInvis .     - Unarmed
rCold   + . .      Faith    .   (no shield)
rNeg    + + +      Spirit   .   c - +0 scale mail
rPois   inf        Reflect  .   j - +0 helmet
rElec   .          Harm     .   h - +0 cloak
rCorr   .          Rampage  .   (no gloves)
Will    .....                   (no boots)
Stlth   ..........              (no amulet)
HPRegen 0.00/turn               (no ring)
MPRegen 0.08/turn               (no ring)

@: inhibited regen
A: claws 1, cold resistance 1, negative energy resistance 3, inhibited
regeneration, torment resistance 2, devour on kill
a: no special abilities


You were on level 2 of the Dungeon.
You visited 1 branch of the dungeon, and saw 2 of its levels.

You collected 23 gold pieces.


Innate Abilities, Weirdness & Mutations

You are immune to poison.
You have sharp fingernails.
Your flesh is cold resistant. (rC+)
You are immune to negative energy. (rN+++)
You do not regenerate when monsters are visible.
You are immune to unholy pain and torment.
You thrive by killing the living.


   Skills:
 - Level 1.0 Fighting
 - Level 1.7 Dodging
 - Level 2.1 Stealth
 + Level 1.9 Unarmed Combat
 - Level 1.7 Spellcasting
 - Level 0.7 Conjurations
 - Level 2.4 Fire Magic


You had 3 spell levels left.
You knew the following spells:

 Your Spells              Type           Power      Damage    Failure   Level
a - Foxfire               Conj/Fire      12%        2x1d4     78%         1

Your spell library contained the following spells:

 Spells                   Type           Power      Damage    Failure   Level
 Scorch                   Fire           10%        2d5       80%         2
 Conjure Flame            Conj/Fire      3%         6-21      98%         3
 Inner Flame              Hex/Fire       2%         N/A       99%         3
 Flame Wave               Conj/Fire      3%         2d5       100%        4

Inventory:

Armour
 b - the +3 leather armour "Iso Henuy" {Int+4}
   (You found it on level 2 of the Dungeon)

   Int:       It affects your intelligence (+4).
 c - a +0 scale mail (worn)
 h - a +0 cloak (worn)
 j - a +0 helmet (worn)
Jewellery
 a - an amulet of regeneration
Scrolls
 e - a scroll of magic mapping {unknown}
Potions
 d - a potion of invisibility {unknown}
 f - a potion of mutation
 k - a potion of curing {unknown}

Dungeon Overview and Level Annotations

Branches:
Dungeon (2/15)

Altars:

Shops:
D:2 ==


Message History

The rat is moderately wounded.
The rat bites you but does no damage.
You scratch the rat.
You kill the rat!
You see here a rat corpse.
e - a scroll labelled TUEHUNOULL
Found a stone staircase leading down.
There is a stone staircase leading down here.
A worm comes into view.
You barely miss the worm. The worm bites you but does no damage.
You scratch the worm.
The worm is lightly wounded.
You scratch the worm.
The worm is moderately wounded.
The worm bites you!
You scratch the worm.
The worm is heavily wounded.
You barely miss the worm.
The worm is heavily wounded.
The worm barely misses you.
You scratch the worm.
The worm is heavily wounded.
The worm bites you!
You scratch the worm.
The worm is severely wounded.
You barely miss the worm.
The worm is severely wounded.
The worm bites you but does no damage.
You barely miss the worm.
The worm is severely wounded.
You scratch the worm but do no damage.
The worm is severely wounded.
The worm bites you.
You scratch the worm but do no damage.
The worm is severely wounded.
You scratch the worm.
The worm is almost dead.
The worm bites you.
You die...

#..#.#....# ............#
..........+ ... ............#
#.........# #.. ............#.
..........### #.# #..........#.
#..........##. #.#### ...........
...........##.##.##<####........#
...#.....#.##..........#........#
.........#..[.?.w........).......
...........##...@....#.####.._..#
##.###+#...##........#.####.8.8.#
.#.# #.#...##............##......
##.###..##.##............##....##
.#........)......7...........####
.......###...###..#....#...#.####
.......###......7\7..............
.......+..........####.........##
.......##########7##.....###.....


You could see a worm.

Vanquished Creatures
  A bat (D:1)
  2 endoplasms (D:1)
  5 goblins
  A hobgoblin (D:1)
  A quokka (D:2)
  A ball python (D:1)
  A frilled lizard (D:1)
  A rat (D:2)
13 creatures vanquished.

Notes
Turn   | Place    | Note
-------+----------+-------------------------------------------
     0 | D:1      | qw the Ghoul Fire Elementalist began the quest for the Orb.
     0 | D:1      | Reached XP level 1. HP: 14/14 MP: 2/2
     0 | D:1      | 0 ||| qw: Version: 0.1-a-90-g952f4b7
     0 | D:1      | 0 ||| qw: Game counter: 4134
     0 | D:1      | 0 ||| qw: Always use a shield: true
     0 | D:1      | 0 ||| qw: God list: Okawaru
     0 | D:1      | 0 ||| qw: Allow faded altars: false
     0 | D:1      | 0 ||| qw: Do Orc after D:15 true
     0 | D:1      | 0 ||| qw: Do second Lair branch before Depths: true
     0 | D:1      | 0 ||| qw: Lair rune preference: random
     0 | D:1      | 0 ||| qw: Plans: Normal
     0 | D:1      | 0 ||| PLANNING D:1-11
   227 | D:1      | Reached skill level 1 in Unarmed Combat
   597 | D:1      | Reached skill level 1 in Fighting
   597 | D:1      | Reached XP level 2. HP: 23/23 MP: 3/3
   912 | D:1      | 912 ||| UPGRADING to +0 scale mail.
   922 | D:1      | 922 ||| DROPPING +0 robe.
   923 | D:1      | 923 ||| DROPPING orb of energy.
   924 | D:1      | 924 ||| UPGRADING to +0 cloak.
   929 | D:1      | 929 ||| UPGRADING to +0 helmet.
   934 | D:1      | 934 ||| READING scroll labelled ODIZIDGHITASK.
   935 | D:1      | 935 ||| READING scroll labelled YNTEHARIERR.
  1036 | D:1      | 1036 ||| READING 4 scrolls labelled PAYR PENOWAEHU.
  1037 | D:1      | 1037 ||| READING scroll labelled SEYNEO JOCKYC.
  1040 | D:1      | 1040 ||| READING scroll labelled RIMIZE WITOIP.
  1041 | D:1      | 1041 ||| DRINKING 2 glowing brown potions.
  1042 | D:1      | 1042 ||| DROPPING potion of magic.
  1043 | D:1      | 1043 ||| DROPPING 3 scrolls of poison.
  1073 | D:2      | Identified the +3 leather armour "Iso Henuy" {Int+4}
  1085 | D:2      | Found Urghom's Jewellery Boutique.
  1095 | D:2      | 1095 ||| SHOPLISTING +6 ring of dexterity (468 gold, have
                  | 23).
  1095 | D:2      | 1095 ||| SHOPLISTING +6 ring of strength (468 gold, have
                  | 23).
  1095 | D:2      | 1095 ||| SHOPLISTING ring "Eben" {Will+ Int+4} (525 gold,
                  | have 23).
  1123 | D:2      | Found Derraih's Jewellery Shoppe.
  1131 | D:2      | 1131 ||| SHOPLISTING +6 ring of dexterity (432 gold, have
                  | 23).
  1131 | D:2      | 1131 ||| SHOPLISTING ring of Irrepressible Laughter {rPois
                  | rC+ Will+ Str+5} (601 gold, have 23).
  1131 | D:2      | 1131 ||| SHOPLISTING ring of see invisible (180 gold, have
                  | 23).
  1131 | D:2      | 1131 ||| SHOPLISTING ring of willpower (300 gold, have 23).
  1138 | D:2      | Found a faded altar of an unknown god.
  1140 | D:2      | 1140 ||| Stepping ~*~*~tactically~*~*~ (hiding).
  1308 | D:2      | HP: 5/23 [worm (4)]
  1310 | D:2      | Slain by a worm

Levels and vault maps discovered:
D:1:      minmay_arrival_five_plusses, layout_loops_ring
D:2:      layout_basic, dreamdust_ecumenical_altar_statues, serial_shops,
          nicolae_shop_behind_doors, shop, nicolae_shop_trees, shop,
          nicolae_shop_trees, kennysheep_generic_room_5, uniq_sigmund

Skill      XL: |  1 |
---------------+----+-----
Unarmed Combat | 1 |  1.9
Fighting       | 1 |  1.0
Dodging        | |  1.7
Stealth        | |  2.1
Spellcasting   | |  1.7
Conjurations   | |  0.7
Fire Magic     | |  2.4

Action                   || total
-------------------------++-------
Melee: Unarmed           ||    67
  Use: Scroll            ||     5
       Potion            ||     1
Armor: Robe              ||     6
       Scale mail        ||     8
Dodge: Dodged            ||    23

Table legend:
 A = Non-vault XP
 B = Vault XP
 C = Vault XP percentage of total XP
 D = Non-vault monster count
 E = Vault monster count
 F = Vault count percentage of total count
                 A         B        C        D         E       F
            +---------+---------+-------+---------+---------+-------
      Total |      22 |       0 |   0.0 |      13 |       0 |   0.0
            +---------+---------+-------+---------+---------+-------
        D:1 |      16 |       0 |   0.0 |       9 |       0 |   0.0
        D:2 |       6 |       0 |   0.0 |       4 |       0 |   0.0
            +---------+---------+-------+---------+---------+-------
